 Dungeon Crawl Stone Soup version 0.31-a0-963-ga325b2283a (webtiles) character file.

Game seed: 11631178279991281265

16680 tsouns the Skirmisher (level 12, -1/72 HPs)
             Began as a Gargoyle Fighter on Oct 23, 2023.
             Was an Initiate of Gozag.
             Slain by a death yak (8 damage)
             ... on level 1 of the Lair of Beasts on Oct 24, 2023.
             The game lasted 00:34:05 (12809 turns).

tsouns the Skirmisher (Gargoyle Fighter)           Turns: 12809, Time: 00:34:05

Health: -1/72      AC: 29    Str: 31    XL:     12   Next: 40%
Magic:  12/12      EV:  8    Int:  9    God:    Gozag
Gold:   1422       SH:  0    Dex: 15    Spells: 11/11 levels left

rFire   . . .        k - +1 battleaxe (vamp)
rCold   . . .        (shield currently unavailable)
rNeg    + . .        E - +1 plate armour
rPois   ∞            I - +1 helmet
rElec   +            u - +2 cloak
rCorr   .            (no gloves)
SInv    .            (no boots)
Will    .....        (no amulet) Stlth
                     e - +6 ring of strength
HPRegen 0.32/turn    d - +6 ring of dexterity
MPRegen 0.13/turn

%: no passive effects
@: hasted, very quick
A: sickness immunity, AC +8, negative energy resistance 1, electricity
resistance, torment resistance 1, petrification resistance
a: Renounce Religion, Potion Petition, Call Merchant, Bribe Branch


You were on level 1 of the Lair of Beasts.
You worshipped Gozag.
Gozag was most pleased with you.
You visited 3 branches of the dungeon, and saw 12 of its levels.
You also visited: Sewer and Bailey.

You collected 2250 gold pieces.
You paid 828 gold pieces to Gozag.

Inventory:

Hand Weapons
 a - a +1 flail
 k - a +1 vampiric battleaxe (weapon)
 x - a +1 triple crossbow of draining
 G - the +9 short sword "Bunuutowk" {speed, *Slow rPois rC++ rCorr}
   (You found it on level 8 of the Dungeon)

   rC++:      It greatly protects you from cold.
   rPois:     It protects you from poison rCorr: It protects you from acid and
   corrosion.
   *Slow:     It may slow you when you take damage.
Missiles
 F - a curare-tipped dart
Armour
 u - a +2 cloak (worn)
 E - a +1 plate armour (worn)
 I - a +1 helmet (worn)
Jewellery
 d - a +6 ring of dexterity (right hand)
 e - a +6 ring of strength (left hand)
 A - a ring of ice
Wands
 v - a wand of flame (43)
Scrolls
 b - a scroll of amnesia
 f - 6 scrolls of teleportation
 g - 2 scrolls of noise
 l - a scroll of torment
 z - a scroll of vulnerability
Potions
 h - a potion of attraction
 i - 3 potions of lignification
 n - a potion of brilliance
 r - a potion of ambrosia {unknown}
 s - a potion of curing
 t - a potion of mutation {unknown}
 w - a potion of cancellation


   Skills:
 + Level 7.6 Fighting
 + Level 0.0(4.2) Axes
 - Level 7.7 Maces & Flails
 + Level 14.8 Ranged Weapons
 + Level 8.7 Armour
 - Level 6.7 Shields


You had 11 spell levels left.
You didn't know any spells.
Your spell library contained the following spells:

 Spells                   Type           Power      Damage    Failure   Level
 Apportation              Tloc           0%         N/A       96%         1
 Shock                    Conj/Air       0%         1d3       96%         1
 Jinxbite                 Hex            0%         N/A       99%         2
 Scorch                   Fire           0%         2d5       99%         2
 Ignite Poison            Fire/Tmut/Pois 0%         N/A       100%        3
 Swiftness                Air            0%         N/A       100%        3
 Airstrike                Air            0%         2d(0-16)  100%        4
 Sticky Flame             Conj/Fire      0%         2d3       100%        4
 Alistair's Intoxication  Tmut/Pois      0%         N/A       100%        5
 Bombard                  Conj/Erth      0%         9d1       100%        6
 Conjure Ball Lightning   Conj/Air       0%         3x3d6     100%        6
 Ignition                 Fire           0%         3d3       100%        8


Dungeon Overview and Level Annotations

Branches:
Dungeon (10/15)            Temple (1/1) D:5            Lair (1/5) D:9
  Sewer (visited)          Bailey (visited)
    Orc: D:9-12

Altars:
Ashenzari
Cheibriados
Dithmenos
Elyvilon
Fedhas
Gozag
Hepliaklqana
Kikubaaqudgha
Makhleb
Nemelex Xobeh
Okawaru
Qazlal
Ru
Sif Muna
Trog
Uskayaw
Vehumet
Wu Jian
Xom
Yredelemnul
Zin
The Shining One

Annotations:
Lair:1 Gastronok


Innate Abilities, Weirdness & Mutations

You are immune to sickness and miasma.
Your stone body is resilient. (AC +8)
You are immune to poison.
You resist negative energy. (rN+)
You are resistant to electric shocks. (rElec)
You are resistant to unholy torment.
You are immune to petrification.


Message History

You are too injured to fight recklessly!
You are too injured to fight recklessly!
You are too injured to fight recklessly!
You are too injured to fight recklessly!
You are too injured to fight recklessly!
You are too injured to fight recklessly!
You are too injured to fight recklessly!
You are too injured to fight recklessly!
You are too injured to fight recklessly!
You are too injured to fight recklessly!
You are too injured to fight recklessly!
You are too injured to fight recklessly!
You are too injured to fight recklessly!
You are too injured to fight recklessly!
You are too injured to fight recklessly!
You are too injured to fight recklessly!
You hit the death yak but do no damage.
The death yak is moderately wounded.
The death yak gores you but does no damage.
The death yak gores you!
You completely miss the death yak.
The death yak is moderately wounded.
The death yak gores you!
* * * LOW HITPOINT WARNING * * *
You slice the death yak!!
The death yak is heavily wounded.
The death yak closely misses you. The death yak gores you.
* * * LOW HITPOINT WARNING * * *
You feel better.
The death yak gores you but does no damage.
You feel yourself speed up. The death yak closely misses you.
You slash the death yak!
You feel better.
The death yak is severely wounded.
The death yak gores you!
* * * LOW HITPOINT WARNING * * *
You hit the death yak but do no damage.
The death yak is severely wounded.
The death yak gores you!
You die...
Your body crumbles into a pile of gold.

##### #######
##...### ####..#..#
.# #......##
#...#####.
...##...##..##
##.## ##
#.......###..##
#..## #
###.....####..##
##..## ## #.
#......###P..##
##..###. #.
##.###.@####..#
##..#.# ##. ...
###Y###..## ##....
##..######..
#..##...## #....#
#.....#. ..
#..##....####...#
....... ..
###.##.....##..###.
......#
#...#...###....# ##
#...# #....###..##
##..## # ##w.#
#..Y### #..
####...# # ##.#
#..# #.. #.....## #


You could see a death yak.

Vanquished Creatures
  2 vault guards (Bailey)
  A death yak (D:9)
  A two-headed ogre (D:8)
  Pikel (D:7)
  An ugly thing (D:8)
  Joseph (D:8)
  A cane toad (D:9)
  Jeremiah (D:6)
  Maggie (D:8)
  A rime drake (Lair:1)
  An unseen horror (D:10)
  A troll (D:7)
  Grinder (D:4)
  Sigmund (D:3)
  4 wyverns
  29 yaks
  A basilisk (Lair:1)
  5 humans (Bailey)
  A steam dragon (D:9)
  4 water moccasins
  3 ice beasts
  2 orc warriors
  A sky beast (D:6)
  3 black bears
  6 wolves (Lair:1)
  A centaur (D:6)
  3 phantoms (D:5)
  A kobold brigand (D:6)
  9 bullfrogs
  9 wights
  17 killer bees
  5 howler monkeys
  8 orc priests
  3 jellies
  4 hounds
  Crazy Yiuf (D:3)
  8 iguanas
  2 sleepcaps (D:5)
  9 orc wizards
  3 gnolls (D:4)
  4 river rats (Sewer)
  10 adders
  3 white imps
  An ufetubus (D:5)
  2 worms
  3 dart slugs
  38 orcs
  12 ball pythons
  4 bats
  3 endoplasms
  6 giant cockroaches
  11 goblins
  14 hobgoblins
  8 jackals
  9 kobolds
  5 quokkas
  14 frilled lizards
  9 rats
313 creatures vanquished.

Vanquished Creatures (others)
  Prince Ribbit (Bailey)
  A wyvern (D:6)
  A bullfrog (Bailey)
3 creatures vanquished.

Grand Total: 316 creatures vanquished

Notes
Turn   | Place    | Note
-------+----------+-------------------------------------------
     0 | D:1      | tsouns the Gargoyle Fighter began the quest for the Orb.
     0 | D:1      | Reached XP level 1. HP: 14/14 MP: 1/1
   241 | D:1      | Reached XP level 2. HP: 19/19 MP: 2/2
   975 | D:2      | Identified the of Mofona
  1170 | D:2      | Reached XP level 3. HP: 15/23 MP: 3/3
  1449 | D:2      | Reached XP level 4. HP: 29/29 MP: 4/4
  2020 | D:3      | Noticed Sigmund
  2036 | D:3      | Killed Sigmund
  2037 | D:3      | Reached XP level 5. HP: 13/34 MP: 5/5
  2037 | D:3      | Reached XP level 6. HP: 15/39 MP: 6/6
  2282 | D:3      | Found an ancient bone altar of Kikubaaqudgha.
  2411 | D:3      | Found a runed translucent door.
  2412 | D:3      | Noticed Crazy Yiuf
  2419 | D:3      | Killed Crazy Yiuf
  2606 | D:4      | Found a glowing drain.
  2615 | Sewer    | Entered a sewer
  2956 | D:4      | Reached XP level 7. HP: 26/44 MP: 7/7
  3349 | D:4      | Noticed Grinder
  3368 | D:4      | Paralysed by Grinder for 4 turns
  3383 | D:4      | Killed Grinder
  3384 | D:4      | Reached skill level 5 in Fighting
  3384 | D:4      | Reached skill level 5 in Maces & Flails
  3384 | D:4      | Reached skill level 5 in Armour
  3384 | D:4      | Reached skill level 5 in Shields
  3442 | D:4      | Found a broken altar of Ashenzari.
  3848 | D:5      | Entered Level 5 of the Dungeon
  4040 | D:5      | Reached XP level 8. HP: 32/49 MP: 8/8
  4282 | D:5      | Found a staircase to the Ecumenical Temple.
  4297 | Temple   | Entered the Ecumenical Temple
  4297 | Temple   | Noticed a green death
  4297 | Temple   | Noticed a rust devil
  4297 | Temple   | Noticed a rust devil
  4297 | Temple   | Noticed a Tzitzimitl
  4297 | Temple   | Noticed a cacodemon
  4297 | Temple   | Noticed an orange demon
  4298 | Temple   | Noticed Nacimiux the pandemonium lord
  4298 | Temple   | Noticed a red devil
  4298 | Temple   | Noticed Xeibicam the pandemonium lord
  4298 | Temple   | Noticed a hellwing
  4300 | Temple   | Noticed a shadow demon
  4300 | Temple   | Noticed Wuabbufoif the pandemonium lord
  4301 | Temple   | Noticed a Tzitzimitl
  4301 | Temple   | Noticed a Tzitzimitl
  4312 | Temple   | Became a worshipper of Gozag Ym Sagoz the Greedy
  4322 | Temple   | Noticed an ice devil
  4323 | Temple   | Noticed Pesif the pandemonium lord
  4323 | Temple   | Noticed a hell beast
  4568 | D:5      | Found an iron altar of Okawaru.
  4693 | D:5      | Identified the +3 flail of Okawaru's Pride {speed, Stlth+}
  4714 | D:5      | Upgraded the game from 0.31-a0-960-g0fca184906 to
                  | 0.31-a0-963-ga325b2283a
  5283 | D:6      | Reached XP level 9. HP: 55/55 MP: 9/9
  5429 | D:6      | Identified a scroll of acquirement
  5429 | D:6      | Acquired a +1 triple crossbow of draining
  5463 | D:6      | Reached skill level 1 in Ranged Weapons
  5622 | D:6      | Noticed Jeremiah
  5631 | D:6      | Reached skill level 2 in Ranged Weapons
  5649 | D:6      | Killed Jeremiah
  5650 | D:6      | Reached skill level 3 in Ranged Weapons
  5712 | D:6      | Reached skill level 4 in Ranged Weapons
  6053 | D:7      | Reached skill level 5 in Ranged Weapons
  6110 | D:7      | Found a snail-covered altar of Cheibriados.
  6110 | D:7      | Identified the +4 ring mail "Jidd" {Harm Dex-4 Slay+2}
  6154 | D:7      | Found a sparkling altar of Nemelex Xobeh.
  6249 | D:7      | Noticed Pikel
  6259 | D:7      | Killed Pikel
  6260 | D:7      | Reached skill level 6 in Ranged Weapons
  6260 | D:7      | Reached XP level 10. HP: 59/63 MP: 10/10
  6270 | D:7      | Reached skill level 7 in Ranged Weapons
  6654 | D:7      | Found a blossoming altar of Fedhas.
  6992 | D:8      | Identified the +9 short sword "Bunuutowk" {speed, *Slow
                  | rPois rC++ rCorr}
  7001 | D:8      | Found a flagged portal.
  7017 | D:8      | Reached skill level 8 in Ranged Weapons
  7040 | Bailey   | Entered a bailey
  7197 | Bailey   | Reached skill level 9 in Ranged Weapons
  7259 | Bailey   | Noticed Prince Ribbit
  7259 | Bailey   | Noticed a vault guard
  7268 | Bailey   | Your ally Prince Ribbit died
  7296 | Bailey   | Killed a vault guard
  7297 | Bailey   | Reached skill level 10 in Ranged Weapons
  7344 | Bailey   | Noticed a vault guard
  7387 | Bailey   | Killed a vault guard
  7509 | Bailey   | Reached XP level 11. HP: 67/67 MP: 11/11
  7661 | D:8      | Noticed Maggie
  7673 | D:8      | Reached skill level 11 in Ranged Weapons
  7675 | D:8      | Noticed Joseph
  7695 | D:8      | Killed Maggie
  7979 | D:8      | Killed Joseph
  8123 | D:8      | Found a sacrificial altar of Ru.
  8572 | D:8      | Found a shadowy altar of Dithmenos.
  8843 | D:9      | Reached skill level 12 in Ranged Weapons
  9126 | D:10     | Entered Level 10 of the Dungeon
  9829 | D:9      | Noticed a red ugly thing
 10253 | D:10     | Reached skill level 13 in Ranged Weapons
 10920 | D:10     | Found a hazy altar of Hepliaklqana.
 10935 | D:10     | Found a bloodstained altar of Trog.
 11060 | D:9      | Noticed a two-headed ogre
 11503 | D:8      | Killed a two-headed ogre
 11572 | D:8      | Killed a red ugly thing
 11573 | D:8      | Reached XP level 12. HP: 24/72 MP: 12/12
 11736 | D:9      | Reached skill level 14 in Ranged Weapons
 11963 | D:9      | Found a staircase to the Lair.
 12294 | D:13     | Identified the "Caodd"
 12294 | Lair:1   | Entered Level 1 of the Lair of Beasts
 12295 | Lair:1   | Noticed a death yak
 12297 | Lair:1   | Noticed a death yak
 12297 | Lair:1   | Noticed a death yak
 12298 | Lair:1   | Noticed a death yak
 12325 | Lair:1   | Noticed a death yak
 12326 | Lair:1   | Noticed a death yak
 12339 | D:9      | Killed a death yak
 12406 | Lair:1   | Noticed Gastronok
 12809 | Lair:1   | Slain by a death yak

Illustrated notes

Levels and vault maps discovered:
D:1:      eino_arrival_water_cross, layout_basic
D:2:      layout_basic, mrwooster_statue_mirror
D:3:      layout_basic, mainiacjoe_overflow_cross_hatched,
          uniq_crazy_yiuf_cottage, uniq_sigmund
D:4:      layout_cave_pods, evilmike_ruin_ashenzari, portal_sewer_entry_f,
          uniq_grinder
D:5:      minmay_octagon_keep, layout_gridville, kennysheep_little_box,
          minmay_temple_entry_drinking_statues, minmay_crystal_water
D:6:      layout_cave_pools, minmay_unpleasant_kobolds, uniq_jeremiah
D:7:      layout_loops_ring, nemelex_xobeh_ov_fountains_minmay,
          amcnicky_altar_gilded, fedhas_altar_4, uniq_pikel
D:8:      layout_cave_pools, marbit_many_paths, lemuel_round_altar,
          enter_bailey_6, serial_co_window_serial, co_window_corner_a,
          co_window_paths_a, co_window_paths_a, co_window_corner_a,
          co_window_corner_a, co_window_paths_a, co_window_paths_a,
          co_window_corner_a, co_window_of_opportunity_a, co_window_broadway_b,
          co_window_corner_ca, co_window_of_opportunity_b,
          co_window_of_opportunity_b, co_window_corner_b, co_window_paths_d,
          co_window_4corner_a, glass_columns_a, glass_columns_a,
          glass_columns_a, glass_columns_a, glass_columns_b, kennysheep_nub,
          uniq_maggie, uniq_joseph
D:9:      layout_irregular_city, minmay_lair_entry_grove
D:10:     layout_gridville, mainiacjoe_overflow_catwalk_spiral
Temple:   nicolae_temple_panitentiary
Lair:1:   dreamdust_isle_of_ice, layout_layer_cave, grunt_megastairs_5,
          uniq_gastronok

Skill      XL: |  1  2  3  4  5  6  7  8  9 10 11 12 |
---------------+-------------------------------------+-----
Maces & Flails | 3 4 5 7 |  7.7
Fighting       | 4 5 6 7 |  7.6
Armour         | 4 5 6 7 8 |  8.7
Shields        | 4 5 6 |  6.7
Ranged Weapons | 6 10 13 14 | 14.8

Action                     |  1- 3 |  4- 6 |  7- 9 | 10-12 || total
---------------------------+-------+-------+-------+-------++-------
  Melee: Flail             |   147 |   197 |   267 |   118 ||   729
         Mace              |       |       |    46 |       ||    46
         Trident           |       |       |       |    26 ||    26
         Short sword       |       |       |       |    24 ||    24
         Battleaxe         |       |       |       |   103 ||   103
   Fire: Triple crossbow   |       |       |   105 |   338 ||   443
  Throw: Dart              |       |       |       |     6 ||     6
         Throwing net      |       |       |       |     2 ||     2
 Invoke: Potion Petition   |       |       |       |     2 ||     2
  Evoke: Wand              |       |     7 |    19 |    22 ||    48
    Use: Scroll            |       |    13 |     3 |    18 ||    34
         Potion            |       |     1 |     2 |     8 ||    11
   Stab: Invisible         |       |       |       |     6 ||     6
         Distracted        |       |       |       |     1 ||     1
 Armour: Scale mail        |    94 |   166 |   278 |       ||   538
         Plate armour      |       |       |     8 |   904 ||   912
  Dodge: Dodged            |    71 |   108 |   175 |   342 ||   696
  Block: Buckler           |    40 |    50 |    61 |       ||   151

Table legend: (Time is in decaauts)
 A = Elapsed time spent in this place.
 B = Non-inter-level travel time spent in this place.
 C = Inter-level travel time spent in this place.
 D = Time resting spent in this place.
 E = Time spent auto-exploring this place.
 F = Levels seen in this place.
 G = Mean time per level.
                   A        B        C        D        E       F      G
               +--------+--------+--------+--------+--------+-----+--------+
         Total |  13518 |  12961 |    557 |     79 |   9402 |  14 |  965.6 |
       Dungeon |  12075 |  11546 |    529 |     79 |   8569 |  10 | 1207.5 |
        Temple |     30 |      2 |     28 |      0 |      0 |   1 |   30.0 |
          Lair |    474 |    474 |      0 |      0 |    296 |   1 |  474.0 |
         Sewer |    353 |    353 |      0 |      0 |    221 |   1 |  353.0 |
        Bailey |    583 |    583 |      0 |      0 |    315 |   1 |  583.0 |
               +--------+--------+--------+--------+--------+-----+--------+

Top non-repeatable levels by time:
     D:8: 2224 daAuts
     D:9: 1859 daAuts
     D:5: 1380 daAuts
    D:10: 1169 daAuts
     D:4: 1082 daAuts
     D:1: 993 daAuts
     D:6: 910 daAuts
     D:7: 904 daAuts
     D:2: 869 daAuts
     D:3: 681 daAuts
  Bailey: 583 daAuts
  Lair:1: 474 daAuts
   Sewer: 353 daAuts
  Temple: 30 daAuts
